 Dungeon Crawl Stone Soup version 0.28.0-43-g3370ac3207 (webtiles) character file.

Game seed: 12471512334228296444

2552 protoss039 the Thaumaturge (level 9, 0/48 HPs)
             Began as a Deep Elf Earth Elementalist on Mar 15, 2022.
             Was an Initiate of Sif Muna.
             Shot with a bolt by an orc warrior (9 damage)
             ... in a bailey.
             The game lasted 00:12:33 (6488 turns).

protoss039 the Thaumaturge (DEEE)                   Turns: 6488, Time: 00:12:33

Health: 0/48       AC:  7    Str:  5    XL:     9   Next: 31%
Magic:  6/26       EV: 13    Int: 27    God:    Sif Muna [......]
Gold:   341        SH:  0    Dex: 15    Spells: 19/30 levels left

rFire   . . .      SeeInvis .   k - +2 dagger (drain)
rCold   . . .      Faith    .   (no shield)
rNeg    . . .      Spirit   .   b - +0 robe
rPois   .          Reflect  .   l - +2 helmet of Fedhas's Regard {rElec Int+2}
rElec   +          Harm     .   o - +1 cloak
rCorr   .          Rampage  .   (no gloves)
Will    .....                   (no boots)
Stlth   ++........              (no amulet)
HPRegen 0.16/turn               (no ring)
MPRegen 0.20/turn               (no ring)

@: no status effects
A: no striking features
a: Renounce Religion


You were in a bailey.
You worshipped Sif Muna.
Sif Muna was noncommittal.
You visited 2 branches of the dungeon, and saw 8 of its levels.
You also visited: Bailey.

You collected 341 gold pieces.

Inventory:

Hand Weapons
 k - a +2 dagger of draining (weapon)
 n - a +2 quarterstaff of chaos
 p - a +2 mace of protection
Missiles
 c - 265 stones
 i - a throwing net
Armour
 b - a +0 robe (worn)
 l - the +2 helmet of Fedhas's Regard (worn) {rElec Int+2}
   (You took it off Robin on level 2 of the Dungeon)

   Int:       It affects your intelligence (+2).
   rElec:     It insulates you from electricity.
 o - a +1 cloak (worn)
Magical Staves
 C - a staff of cold
Wands
 m - a wand of digging (6)
 s - a wand of polymorph (7)
 w - a wand of flame (12)
 A - a wand of charming (11)
Scrolls
 a - 2 scrolls of blinking {unknown}
 d - 3 scrolls of enchant armour {unknown}
 j - 3 scrolls of identify {unknown}
 q - a scroll of summoning {unknown}
 r - a scroll of enchant weapon {unknown}
 t - a scroll of torment {unknown}
 u - a scroll of fear {unknown}
 v - a scroll of immolation {unknown}
 y - 2 scrolls of teleportation {unknown}
 z - a scroll of amnesia {unknown}
 B - 3 scrolls of holy word {unknown}
Potions
 e - 2 potions of lignification {unknown}
 f - 3 potions of heal wounds
 g - a potion of flight {unknown}
 h - 3 potions of curing {unknown}
 x - a potion of invisibility {unknown}
 D - a potion of ambrosia {unknown}
 E - a potion of brilliance {unknown}


   Skills:
 - Level 2.0 Fighting
 - Level 0.4 Maces & Flails
 - Level 3.0 Dodging
 - Level 3.0 Stealth
 + Level 11.0 Spellcasting
 + Level 4.5 Conjurations
 - Level 2.0 Transmutations
 + Level 9.1 Earth Magic


You had 19 spell levels left.
You knew the following spells:

 Your Spells              Type           Power      Damage    Failure   Level
a - Sandblast             Erth           100%       2d20      1%          1
b - Passwall              Tmut/Erth      36%        N/A       1%          2
c - Stone Arrow           Conj/Erth      100%       3d13      1%          3
d - Petrify               Tmut/Erth      44%        N/A       4%          4
e - Apportation           Tloc           28%        N/A       3%          1

Your spell library contained the following spells:

 Spells                   Type           Power      Damage    Failure   Level
 Animate Skeleton         Necr           28%        N/A       3%          1
 Summon Small Mammal      Summ           56%        N/A       3%          1
 Call Canine Familiar     Summ           14%        N/A       12%         3
 Summon Guardian Golem    Hex/Summ       14%        N/A       12%         3


Dungeon Overview and Level Annotations

Branches:
Dungeon (7/15)             Temple (1/1) D:7          Bailey (1/1)

Altars:
Ashenzari
Cheibriados
Elyvilon
Fedhas
Gozag
Kikubaaqudgha
Nemelex Xobeh
Okawaru
Qazlal
Ru
Sif Muna
Trog
Uskayaw
Vehumet
Wu Jian
Xom
The Shining One

Shops:
D:6 ?[[=


Message History

Aim: an orc warrior, wielding a +0 arbalest, wearing a +0 scale mail and quivering bolts (moderately wounded, 72% to hit)
The stone arrow hits the orc warrior!
The orc warrior is severely wounded.
The orc warrior shoots a bolt.
The bolt hits you!
* * * LOW HITPOINT WARNING * * *
Unknown command.
Casting: Stone Arrow (safe; 1% risk of failure)
Confirm with . or Enter, or press ? or * to list all spells.
Aiming: Stone Arrow (safe; 1% risk of failure)
Press: ? - help, Shift-Dir - straight line, f/p - orc warrior
Aim: an orc warrior, wielding a +0 arbalest, wearing a +0 scale mail and quivering bolts (severely wounded, 72% to hit)
The stone arrow misses the orc warrior.
The orc warrior shoots a bolt.
The bolt hits you!
* * * LOW HITPOINT WARNING * * *
Okay, then.
Casting: Stone Arrow (safe; 1% risk of failure)
Confirm with . or Enter, or press ? or * to list all spells.
Aiming: Stone Arrow (safe; 1% risk of failure)
Press: ? - help, Shift-Dir - straight line, f/p - orc warrior
Aim: an orc warrior, wielding a +0 arbalest, wearing a +0 scale mail and quivering bolts (severely wounded, 72% to hit)
The stone arrow hits the orc warrior!
You kill the orc warrior!
Sif Muna accepts your kill.
You hear a splash. x3
Your Spellcasting skill increases to level 11!
It was a potion of heal wounds.
You feel much better.
Unknown command.
Okay, then.
Okay, then.
Casting: Stone Arrow (safe; 1% risk of failure)
Confirm with . or Enter, or press ? or * to list all spells.
Aiming: Stone Arrow (safe; 1% risk of failure)
Press: ? - help, Shift-Dir - straight line, f - orc
Aim: an orc, wielding a +0 arbalest, wearing a +0 scale mail and quivering bolts (81% to hit)
Okay, then.
The orc warrior shoots a bolt.
The bolt hits you!
The orc warrior shoots a bolt.
The bolt hits you!
* * * LOW HITPOINT WARNING * * *
The orc warrior shoots a bolt.
The bolt hits you!
You die...

#############
#∩"..........
#.∩..........
#............
#............
#....@≈≈≈≈≈≈≈
#.....≈≈###≈≈
#.....≈##.##≈
#.....≈#....≈
#.....≈##.∩#≈
#.....≈≈# ##
#.....≈≈≈o≈≈≈
#.....≈≈o≈≈≈≈
#.....≈≈≈≈≈≈≈


You could see an orc warrior.

Vanquished Creatures
  Pikel (D:6)
  Grinder (D:4)
  3 ice beasts
  2 orc warriors (Bailey)
  A black bear (D:5)
  2 necrophages
  4 ogres
  2 lemures (D:5)
  A bullfrog (D:6)
  A water moccasin zombie (D:5)
  2 scorpions (D:5)
  2 wyvern skeletons
  2 orc priests
  Crazy Yiuf (D:3)
  3 hounds (D:5)
  2 iguanas
  A jelly (D:6)
  A centaur skeleton (D:5)
  2 orc wizards (D:7)
  A hound skeleton (D:4)
  A howler monkey zombie (D:6)
  Robin (D:2)
  3 gnolls (D:2)
  3 adders
  A shadow imp (D:5)
  An ufetubus (D:6)
  An adder skeleton (D:3)
  4 worms
  A dart slug (D:1)
  8 orcs
  7 ball pythons
  7 endoplasms
  4 giant cockroaches
  19 goblins
  7 hobgoblins
  6 jackals (D:4)
  2 quokkas
  7 bats
  2 frilled lizards
  8 kobolds
  4 rats
132 creatures vanquished.

Vanquished Creatures (others)
  5 toadstools (D:1)
5 creatures vanquished.

Grand Total: 137 creatures vanquished

Notes
Turn   | Place    | Note
-------+----------+-------------------------------------------
     0 | D:1      | protoss039 the Deep Elf Earth Elementalist began the quest
                  | for the Orb.
     0 | D:1      | Reached XP level 1. HP: 10/10 MP: 6/6
    34 | D:1      | Found a faded altar of an unknown god.
   473 | D:1      | Reached XP level 2. HP: 9/15 MP: 6/8
  1384 | D:1      | Reached XP level 3. HP: 19/19 MP: 9/9
  1451 | D:1      | Learned a level 2 spell: Passwall
  1855 | D:2      | Reached skill level 4 in Spellcasting
  1996 | D:2      | Reached XP level 4. HP: 24/24 MP: 9/12
  2316 | D:2      | Found a radiant altar of Vehumet.
  2773 | D:2      | Identified the +2 helmet of Fedhas's Regard {rElec Int+2}
  2773 | D:2      | Noticed Robin
  2847 | D:2      | Killed Robin
  2932 | D:2      | Learned a level 3 spell: Stone Arrow
  2965 | D:3      | Reached skill level 5 in Spellcasting
  2965 | D:3      | Reached XP level 5. HP: 28/28 MP: 6/14
  2971 | D:3      | Learned a level 4 spell: Petrify
  3336 | D:3      | Noticed an ogre
  3339 | D:3      | Killed an ogre
  3340 | D:3      | Reached skill level 5 in Earth Magic
  3546 | D:3      | Reached skill level 6 in Spellcasting
  3648 | D:3      | Found a runed translucent door.
  3649 | D:3      | Noticed Crazy Yiuf
  3748 | D:3      | Killed Crazy Yiuf
  3749 | D:3      | Reached XP level 6. HP: 21/32 MP: 10/17
  4105 | D:4      | Noticed Grinder
  4109 | D:4      | Killed Grinder
  4110 | D:4      | Reached skill level 1 in Fighting
  4110 | D:4      | Reached skill level 1 in Conjurations
  4436 | D:4      | Reached skill level 7 in Spellcasting
  4436 | D:4      | Reached XP level 7. HP: 34/38 MP: 13/19
  4772 | D:4      | Learned a level 1 spell: Apportation
  4773 | D:5      | Entered Level 5 of the Dungeon
  5043 | D:5      | Reached skill level 8 in Spellcasting
  5043 | D:5      | Reached XP level 8. HP: 44/44 MP: 16/22
  5451 | D:6      | Noticed Pikel
  5555 | D:6      | Found Xeffijel's Jewellery Boutique.
  5718 | D:6      | Found Vonat's Antique Armour Boutique.
  5818 | D:6      | Reached skill level 9 in Spellcasting
  5876 | D:6      | Found Ryse's Antique Armour Emporium.
  5892 | D:6      | Killed Pikel
  5893 | D:6      | Reached skill level 10 in Spellcasting
  5904 | D:6      | Reached XP level 9. HP: 32/48 MP: 4/25
  6069 | D:6      | Found Cuguykk's Magic Scroll Emporium.
  6189 | D:7      | Found a staircase to the Ecumenical Temple.
  6201 | Temple   | Entered the Ecumenical Temple
  6334 | Temple   | Became a worshipper of Sif Muna the Loreminder
  6451 | D:7      | Found a flagged portal.
  6464 | Bailey   | Entered a bailey
  6481 | Bailey   | HP: 1/48 [orc warrior/bolt (10)]
  6483 | Bailey   | Reached skill level 11 in Spellcasting
  6488 | Bailey   | Shot with a bolt by an orc warrior

Illustrated notes

Levels and vault maps discovered:
D:1:      ldierk_walled_garden, layout_basic,
          hellmonk_ecumenical_altar_slurped_away, hex_tiny, minmay_crystal_room,
          hangedman_abyss_or_decor_lesser_grid
D:2:      layout_basic, basic_altar, patterned_corridor, uniq_robin
D:3:      layout_loops_ring, serial_bayou_lake_a, uniq_crazy_yiuf_cottage
D:4:      layout_loops_cross, uniq_grinder
D:5:      layout_rooms
D:6:      layout_rooms, serial_shops, shop, shop, shop, nicolae_take_the_stairs,
          uniq_pikel
D:7:      layout_loops_ring, minmay_temple_entry_wispy, enter_bailey_2
Temple:   mainiacjoe_temple_circle_huts
Bailey:   bailey_polearm_2, bailey

Skill      XL: |  1  2  3  4  5  6  7  8  9 |
---------------+----------------------------+-----
Stealth        | 3 |  3.0
Earth Magic    | 4 5 6 7 8 9 |  9.1
Dodging        | 3 |  3.0
Spellcasting   | 4 5 6 7 8 10 11 | 11.0
Fighting       | 1 2 |  2.0
Conjurations   | 1 2 4 |  4.5
Transmutations | 2 |  2.0
Maces & Flails | |  0.4

Action                   |  1- 3 |  4- 6 |  7- 9 || total
-------------------------+-------+-------+-------++-------
Melee: Unarmed           |     6 |       |       ||     6
       Dagger            |    47 |    71 |    26 ||   144
       Punch             |     1 |     2 |       ||     3
       Mace              |       |    16 |       ||    16
 Cast: Sandblast         |    36 |    48 |    22 ||   106
       Stone Arrow       |       |     7 |    42 ||    49
  Use: Potion            |       |       |     1 ||     1
 Stab: Sleeping          |     4 |     5 |     4 ||    13
Armor: Robe              |    10 |    37 |    16 ||    63
Dodge: Dodged            |    40 |    94 |    23 ||   157
